 Dungeon Crawl Stone Soup version 0.31.0-12-g77e489cdc1 (webtiles) character file.

Game seed: 15675123240900776788

11 solopath the Ruffian (level 2, 21/21 HPs)
             Began as a Demonspawn Shapeshifter on Feb 12, 2024.
             Quit the game on level 1 of the Dungeon.
             The game lasted 00:00:18 (302 turns).

solopath the Ruffian (Demonspawn Shapeshifter)       Turns: 302, Time: 00:00:19

Health: 21/21      AC:  2    Str: 14    XL:     2   Next: 13%
Magic:  2/2        EV: 12    Int: 10    God:
Gold:   5          SH:  0    Dex: 12    Spells: 1/1 levels left

rFire   . .          .
                       - Unarmed
rCold   . . .        (no shield)
rNeg    . . .        a - +0 animal skin
rPois   .            (helmet currently unavailable)
rElec   .            (cloak currently unavailable)
rCorr   .            (gloves currently unavailable)
SInv    .            (boots currently unavailable)
Will    .....        (no amulet)
Stlth   +            (no ring)
HPRegen 0.23/turn    (no ring)
MPRegen 0.08/turn

%: no passive effects
@: beast-form
A: beast (slay +1), antennae 1
a: Begin Untransformation


You were on level 1 of the Dungeon.
You were a hulking beast.
You visited 1 branch of the dungeon, and saw 1 of its levels.

You collected 5 gold pieces.

Inventory:

Armour
 a - a +0 animal skin (worn)
Talismans
 c - a beast talisman
 d - a flux talisman
Scrolls
 e - a scroll of teleportation {unknown}
Potions
 b - 4 potions of lignification
 f - a potion of attraction {unknown}


   Skills:
 + Level 1.3 Fighting
 - Level 1.7 Dodging
 * Level 3.0 Unarmed Combat
 + Level 2.8 Shapeshifting


You had one spell level left.
You didn't know any spells.
Your spell library was empty.

Dungeon Overview and Level Annotations

Branches:
Dungeon (1/15)

Altars:


Innate Abilities, Weirdness & Mutations

You are a hulking beast.
Your limbs bulge with bestial killing power. (Slay +1)
You have a pair of small antennae on your head.


Message History

The jackal is severely wounded.
The jackal bites you but does no damage.
You hit the jackal.
The jackal is almost dead.
The jackal misses you.
You hit the jackal.
You kill the jackal!
The jackal barely misses you.
Your Unarmed Combat skill increases to level 3!
You have reached level 2!
Your demonic ancestry asserts itself...
A pair of antennae grows on your head!
You hit the jackal.
You kill the jackal!
The jackal bites you but does no damage.
You hit the jackal but do no damage. The jackal misses you.
You hit the jackal.
The jackal is severely wounded.
The jackal bites you but does no damage.
You miss the jackal.
The jackal is severely wounded.
The jackal bites you. x2
You barely miss the jackal.
The jackal is severely wounded.
The jackal bites you.
You hit the jackal.
You kill the jackal!
No target in view!
No target in view!
No target in view!
No target in view!
No target in view!
No target in view!
No target in view!
Things that are here:
a jackal corpse; a jackal corpse
e - a scroll labelled FYFUKK NAWK
f - a sedimented inky potion No target in view!
Are you sure you want to abandon this character and quit the game? (Confirm with "yes".)

######.#.#
#.#.##.#
...###.#.#
#.#.##.#
.8.#...#
#.#.##.#
...#.### #.#.
#.# ####.. #.#
#.# .......
####.# #.#
........
#....#+##.#
....
...#.........#
....
.......h.....#
....
.###.........#
####
#...........#
...#
#.#.........#
[8.#
#.#....#+##.#
...# # ......
.# ####
....... #
#.......


There were no monsters in sight!

Vanquished Creatures
  A dart slug (D:1)
  4 jackals (D:1)
  A ball python (D:1)
  2 frilled lizards (D:1)
  A rat (D:1)
9 creatures vanquished.

Notes
Turn   | Place    | Note
-------+----------+-------------------------------------------
     0 | D:1      | solopath the Demonspawn Shapeshifter began the quest for
                  | the Orb.
     0 | D:1      | Reached XP level 1. HP: 15/15 MP: 1/1
   245 | D:1      | Reached skill level 3 in Unarmed Combat
   245 | D:1      | Gained mutation: You have a pair of small antennae on your
                  | head. [demonic ancestry]
   245 | D:1      | Reached XP level 2. HP: 21/21 MP: 2/2
   302 | D:1      | Quit the game

Illustrated notes

Levels and vault maps discovered:
D:1:      minmay_arrival_glassed_features, layout_basic

Skill      XL: |  1 |
---------------+----+-----
Unarmed Combat | 3 |  3.0
Fighting       | |  1.3
Dodging        | |  1.7
Shapeshifting  | |  2.8

Action                     || total
---------------------------++-------
  Melee: Unarmed           ||    24
         Punch             ||     1
   Stab: Sleeping          ||     1
 Armour: Animal skin       ||    13
  Dodge: Dodged            ||    12
